AoeStats
← EL GATO TECHERO

MegaRandom

509818449Analyzed
3v3 RM · 6d ago on Sep 28, 2026· 34m 12s· 6 players
Game mode
Random Map
Map size
Normal (6 player)
Population
200
Speed
Normal
Resources
Standard
Victory
Conquest
Starting age
Dark Age
Ending age
Imperial Age
RankedLock teamsTeams togetherTeam positionsShared explorationLock speedFull tech treeHidden civsTurbo modeCheats
Victory
Defeat
1043
+14
🇵🇪 Portuguese · Peru
1026
+15
🇵🇪 Magyars · Peru
817
+24
🇨🇦 Teutons · Canada
1020
-19
🇦🇷 Japanese · Argentina
993
-17
🇨🇦 Vietnamese · Canada
979
-17
Jman
0:30 Loom
11:44 Feudal Age
17:34 Castle Age
16:08 Horse Collar
17:08 Double-Bit Axe
20:28 Heavy Plow
21:19 Scale Barding Armor
26:00 Bloodlines
26:03 Forging
28:37 Chain Barding Armor
30:33 Wheelbarrow
ptom
0:41 Loom
12:55 Feudal Age
13:59 Fishing Lines
14:03 Horse Collar
14:37 Double-Bit Axe
15:00 Town Watch
18:22 Wheelbarrow
18:44 Gold Mining
20:13 Stone Mining
27:30 Castle Age
26:17 Bloodlines
28:14 Gillnets
28:34 Heavy Plow
29:14 Stone Shaft Mining
29:24 Bow Saw
33:32 Husbandry
34:05 Hand Cart
明仔
11:32 Feudal Age
13:22 Loom
18:34 Castle Age
19:45 Double-Bit Axe
21:41 Wheelbarrow
22:20 Bow Saw
30:32 Horse Collar
30:58 Pikeman
31:38 Squires
FOX MULDER
0:42 Loom
11:35 Feudal Age
13:22 Town Watch
17:55 Castle Age
15:54 Horse Collar
16:01 Double-Bit Axe
34:19 Fletching
37:09 Imperial Age
El preñador de coneras
8:19 Loom
10:52 Feudal Age
11:44 Wheelbarrow
11:00 Double-Bit Axe
17:06 Castle Age
17:15 Hand Cart
21:09 Town Watch
EL GATO TECHERO
9:31 Loom
15:13 Feudal Age
16:24 Double-Bit Axe
16:26 Horse Collar
21:05 Bloodlines
26:08 Castle Age
28:16 Scale Barding Armor
27:49 Light Cavalry
30:40 Chain Barding Armor
31:26 Husbandry
33:22 Bow Saw
Connection lost

Rejoining the realm…

Still unreachable

The connection could not be restored.

Session expired

The server has moved on; the page needs a fresh start.